AoeStats
← Unknown

Black Forest

508341843Analyzed
4v4 RM · 11d ago on Sep 22, 2026· 16m 19s· 8 players
Game mode
Random Map
Map size
Large (8 player)
Population
200
Speed
Normal
Resources
Standard
Victory
Conquest
Starting age
Dark Age
Ending age
Imperial Age
RankedLock teamsTeams togetherTeam positionsShared explorationLock speedFull tech treeHidden civsTurbo modeCheats
Victory
Defeat
🇲🇽 Saracens · Mexico
1164
+13
🇲🇽 Vietnamese · Mexico
1137
+14
🇲🇽 Gurjaras · Mexico
1084
+16
🇺🇸 Vikings · United States
1027
+17
🇳🇿 Koreans · New Zealand
1164
-18
🇵🇪 Huns · Peru
1115
-16
🇨🇱 Slavs · Chile
1046
-14
🇨🇱 Gurjaras · Chile
1012
-12
Tlacaelel.MX
0:38 Loom
12:29 Feudal Age
18:20 Castle Age
16:34 Double-Bit Axe
canijo2512
10:28 Feudal Age
8:44 Loom
11:04 Double-Bit Axe
12:13 Horse Collar
13:55 Fletching
oogaboogawherdayat
0:30 Loom
13:17 Feudal Age
13:51 Man-at-Arms
15:03 Scale Mail Armor
16:53 Forging
ic.adelira
6:02 Loom
10:22 Feudal Age
14:29 Castle Age
13:07 Double-Bit Axe
Slade One
13:53 Feudal Age
Unknown
0:32 Loom
11:52 Feudal Age
12:28 Feudal Age
123
14:54 Feudal Age
Denoxs
0:31 Loom
13:57 Feudal Age
17:37 Castle Age
Connection lost

Rejoining the realm…

Still unreachable

The connection could not be restored.

Session expired

The server has moved on; the page needs a fresh start.